 Dungeon Crawl Stone Soup version 0.18.1-8-gdd0e5ea (console) character file.

165 Kloppie the Chopper (level 5, -3/46 HPs)
             Began as a Hill Orc Gladiator on June 8, 2016.
             Slain by a river rat (7 damage)
             ... in a sewer.
             The game lasted 00:04:41 (2560 turns).

Kloppie the Chopper (Hill Orc Gladiator)            Turns: 2560, Time: 00:04:42

Health: -3/46      AC:  5    Str: 18    XL:     5   Next: 46%
Magic:  5/5        EV: 12    Int:  8    God:
Gold:   171        SH:  0    Dex: 12    Spells: 0 memorised, 4 levels left

rFire  . . .     SeeInvis .     a - +0 war axe
rCold  . . .     Gourm    .     b - +0 leather armour
rNeg   . . .     Faith    .     (no shield)
rPois  .         Spirit   .     c - +0 helmet
rElec  .         Dismiss  .     (no cloak)
rCorr  .         Reflect  .     s - +0 pair of gloves
SustAt .         Harm     .     (no boots)
MR     .....                    (no amulet)
Stlth  +.........               (no ring)
                                (no ring)

@: not resistant to hostile enchantments, very unstealthy
A: no striking features
a: no special abilities


You were in a sewer.
You were hungry.

You visited 1 branch of the dungeon, and saw 3 of its levels.
You also visited: Sewer.

You collected 171 gold pieces.

Inventory:

Hand Weapons
 a - a +0 war axe (weapon)
Missiles
 d - 3 throwing nets (quivered)
Armour
 b - a +0 leather armour (worn)
 c - a +0 helmet (worn)
 m - a +0 chain mail
 s - a +0 pair of gloves (worn)
Jewellery
 j - an uncursed ring of stealth {unknown}
Scrolls
 g - a scroll of enchant weapon {unknown}
 h - a scroll of enchant armour {unknown}
 i - a scroll of amnesia {unknown}
 k - 3 scrolls of remove curse {unknown}
 p - 3 scrolls of noise {unknown}
Potions
 e - a potion of cure mutation {unknown}
 n - 2 potions of cancellation {unknown}
 o - a potion of brilliance {unknown}
 q - 2 potions of lignification {unknown}
Comestibles
 f - 2 bread rations
 r - a meat ration


   Skills:
 + Level 4.1 Fighting
 + Level 5.5 Axes
 - Level 1.7 Throwing
 + Level 3.2 Armour
 - Level 2.4 Dodging


You had 4 spell levels left.
You didn't know any spells.

Dungeon Overview and Level Annotations

Branches:
Dungeon (3/15)

Altars:
Okawaru

Annotations:
D:3 Venard's ghost, novice MiFi


Message History

You closely miss the river rat.
The river rat is heavily wounded.
The river rat bites you!
* * * LOW HITPOINT WARNING * * *
The river rat bites you.
* * * LOW HITPOINT WARNING * * *
You hit the river rat but do no damage.
The river rat is heavily wounded.
The river rat bites you.
* * * LOW HITPOINT WARNING * * *
You barely miss the river rat.
The river rat is heavily wounded.
The river rat barely misses you.
You closely miss the river rat.
The river rat is heavily wounded.
The river rat barely misses you.
You closely miss the river rat.
The river rat is heavily wounded.
The river rat closely misses you. The river rat bites you!
You die...

#≈#
#≈#
#.#
#.#
#.#
#.#
#†#
#@#
#r#
#.#
#∩#
#.#
#.#
#.#
#.#
###


You could see a river rat.

Vanquished Creatures
  4 gnolls (D:3)
  2 adders (D:2)
  2 river rats (Sewer)
  3 worms (D:2)
  4 dart slugs
  A giant gecko (D:2)
  12 bats
  4 giant cockroaches
  9 goblins
  7 hobgoblins
  8 jackals
  3 quokkas
  2 giant newts
  4 kobolds
  7 rats
72 creatures vanquished.

Notes
Turn   | Place    | Note
--------------------------------------------------------------
     0 | D:1      | Kloppie the Hill Orc Gladiator began the quest for the Orb.
     0 | D:1      | Reached XP level 1. HP: 18/18 MP: 1/1
   100 | D:1      | Reached XP level 2. HP: 10/25 MP: 2/2
   374 | D:1      | Reached skill level 1 in Armour
   663 | D:1      | Reached XP level 3. HP: 25/30 MP: 3/3
  1515 | D:2      | Reached XP level 4. HP: 37/38 MP: 4/4
  1755 | D:2      | Reached skill level 5 in Axes
  1943 | D:3      | Found a faded altar to an unknown god.
  1947 | D:3      | Noticed Venard's ghost (novice MiFi)
  2315 | D:3      | Found an iron altar of Okawaru.
  2400 | D:3      | Reached XP level 5. HP: 46/46 MP: 5/5
  2532 | D:3      | Found a glowing drain.
  2537 | Sewer    | Entered a sewer
  2560 | Sewer    | Slain by a river rat

Skill      XL: |  1  2  3  4  5 |
---------------+----------------+-----
Armour         | 1 2 3 |  3.2
Fighting       | 3 4 |  4.1
Axes           | 5 |  5.5
Throwing       | |  1.7
Dodging        | |  2.4

Action                   |  1- 3 |  4- 6 || total
-------------------------+-------+-------++-------
Melee: War axe           |   105 |    99 ||   204
  Eat: Chunk             |     2 |     3 ||     5
Armor: Leather armour    |    38 |    41 ||    79
Dodge: Dodged            |    73 |    71 ||   144
